 Dungeon Crawl Stone Soup version 0.22.0-25-g7663229 (webtiles) character file.

4740 Loudmushroom the Cleaver (level 10, -1/90 HPs)
             Began as a Minotaur Fighter on Aug 20, 2018.
             Was a Follower of Okawaru.
             Slain by CrazyArbalest's ghost (4 damage)
             ... on level 9 of the Dungeon.
             The game lasted 00:56:51 (10226 turns).

Loudmushroom the Cleaver (Minotaur Fighter)        Turns: 10226, Time: 00:56:53

Health: -1/90      AC: 15    Str: 21    XL:     10   Next: 22%
Magic:  10/10      EV:  8    Int:  5    God:    Okawaru [*.....]
Gold:   390        SH: 11    Dex: 13    Spells: 9/9 levels left

rFire    . . .     SeeInvis +   L - +2 hand axe (flame)
rCold    . . .     Gourm    .   c - +0 shield
rNeg     . . .     Faith    .   F - +0 scale mail
rPois    .         Spirit   .   (helmet restricted)
rElec    .         Reflect  .   g - +2 cloak
rCorr    .         Harm     .   E - +0 pair of gloves
MR       .....                  D - +1 pair of boots
Stlth    ..........             k - amulet of rage
HPRegen  0.25/turn              z - ring of see invisible
MPRegen  0.12/turn              (no ring)

@: berserk cooldown, slowed, very slow
A: retaliatory headbutt, horns 2
a: Heroism, Renounce Religion, Evoke Berserk Rage


You were on level 9 of the Dungeon.
You worshipped Okawaru.
Okawaru was aware of your devotion.
You were hungry.

You visited 2 branches of the dungeon, and saw 10 of its levels.
You also visited: Ossuary.

You collected 390 gold pieces.

Inventory:

Hand Weapons
 a - a +2 war axe
 b - a +0 hunting sling
 I - a +0 shortbow
 J - a +0 arbalest
 L - a +2 hand axe of flaming (weapon)
Missiles
 i - 64 bolts
 l - 78 arrows
 o - 233 stones
 y - 72 poisoned needles
 G - 4 javelins (quivered)
 H - 60 sling bullets
 M - 7 needles of confusion
Armour
 c - a +0 shield (worn)
 g - a +2 cloak (worn)
 D - a +1 pair of boots (worn)
 E - a +0 pair of gloves (worn)
 F - a +0 scale mail (worn)
Jewellery
 k - an amulet of rage (around neck)
 z - a ring of see invisible (left hand)
Wands
 j - a wand of paralysis (11)
 v - a wand of acid (4)
 B - a wand of random effects (32)
Scrolls
 n - 2 scrolls of identify
 p - 6 scrolls of remove curse
 q - a scroll of fog
 t - 5 scrolls of teleportation
 A - a scroll of immolation
 K - a scroll of magic mapping
Potions
 d - 2 potions of might
 e - 4 potions of flight {unknown}
 h - 3 potions of heal wounds
 m - 6 potions of curing
 r - 2 potions of degeneration {unknown}
 s - a potion of haste {unknown}
 u - 3 potions of mutation
 w - 3 potions of lignification {unknown}
 C - a potion of magic {unknown}
Comestibles
 f - 9 rations
 x - 4 chunks of flesh


   Skills:
 + Level 8.6 Fighting
 * Level 11.1 Axes
 + Level 8.6 Armour
 + Level 8.6 Shields
 + Level 2.5 Invocations
 + Level 2.2 Evocations


You had 9 spell levels left.
You didn't know any spells.
Your spell library was empty.

Dungeon Overview and Level Annotations

Branches:
Dungeon (9/15)             Temple (1/1) D:6
   Lair: D:8-11         Orc: D:9-12

Altars:
Ashenzari
Cheibriados
Dithmenos
Elyvilon
Fedhas
Gozag
Hepliaklqana
Kikubaaqudgha
Makhleb
Nemelex Xobeh
Okawaru
Qazlal
Ru
Sif Muna
Trog
Uskayaw
Vehumet
Wu Jian
Xom
Yredelemnul
Zin
The Shining One

Shops:
D:9 !

Annotations:
D:7 2 transporters, Americanboy's ghost, novice MiFi
D:9 CrazyArbalest's ghost, journeyman KoHu


Innate Abilities, Weirdness & Mutations

You reflexively headbutt those who attack you in melee.
You have a pair of horns on your head.


Message History

Your headbutt misses CrazyArbalest's ghost.
CrazyArbalest's ghost is moderately damaged.
CrazyArbalest's ghost hits you but does no damage.
You closely miss CrazyArbalest's ghost.
Your headbutt misses CrazyArbalest's ghost.
CrazyArbalest's ghost is moderately damaged.
CrazyArbalest's ghost closely misses you.
CrazyArbalest's ghost hits you!
* * * LOW HITPOINT WARNING * * *
You miss CrazyArbalest's ghost.
Your headbutt misses CrazyArbalest's ghost.
CrazyArbalest's ghost is moderately damaged.
You block CrazyArbalest's ghost's attack.
You closely miss CrazyArbalest's ghost.
CrazyArbalest's ghost is moderately damaged.
You block CrazyArbalest's ghost's attack.
You miss CrazyArbalest's ghost.
CrazyArbalest's ghost is moderately damaged.
CrazyArbalest's ghost hits you.
You die...

.............................#
.....................<.......#
................[.....÷......#
.............>#####..........#
.............##PPP##...........
######.#######♣....##........###
# #.# #P/....♣#........# # #.#
#...).$P#........# # #.#
♣..@..≈#........# # #.#
##..W..##........# # #.#
###'''##.......
######.######.............?
..............##.##........
....#########.##..........[
.<..# #.#####........ ....# #.#
#........ ....# #.# #........


You could see CrazyArbalest's ghost.

Vanquished Creatures
  A hydra (D:9)
  Prince Ribbit (D:6)
  A hornet (D:6)
  Grinder (D:6)
  A hungry ghost (D:8)
  2 sky beasts
  An orc warrior (D:6)
  4 ogres
  3 centaurs
  2 bullfrogs (D:8)
  13 scorpions
  4 killer bees
  5 wights (D:6)
  3 crimson imps
  A quasit (D:8)
  7 centaur zombies
  4 orc priests
  A centaur skeleton (D:8)
  5 hounds
  2 jellies
  An orc wizard (D:9)
  Crazy Yiuf (D:2)
  A human zombie (Ossuary)
  A bullfrog skeleton (D:4)
  An iguana (D:9)
  5 worker ants
  2 big kobold zombies (Ossuary)
  3 mummies (Ossuary)
  A hound skeleton (D:4)
  A gnoll (D:1)
  4 scorpion zombies (Ossuary)
  12 adders
  3 oozes
  An adder zombie (D:8)
  An adder skeleton (D:8)
  2 worms (D:3)
  2 dart slugs (D:1)
  2 leopard geckos
  15 orcs
  9 bats
  3 giant cockroaches
  14 goblins
  7 hobgoblins
  8 jackals
  5 kobolds
  5 quokkas
  2 ball pythons
  3 frilled lizards
  A goblin skeleton (D:5)
  2 goblin zombies (Ossuary)
  3 hobgoblin zombies (D:5)
  A kobold skeleton (D:5)
  2 kobold zombies (D:5)
  A leopard gecko zombie (D:6)
  2 orc zombies
  5 rats
  2 fungi (D:2)
196 creatures vanquished.

Vanquished Creatures (others)
  5 dream sheep (D:6)
5 creatures vanquished.

Grand Total: 201 creatures vanquished

Notes
Turn   | Place    | Note
-------+----------+-------------------------------------------
     0 | D:1      | Loudmushroom the Minotaur Fighter began the quest for the Orb.
     0 | D:1      | Reached XP level 1. HP: 19/19 MP: 0/0
   138 | D:1      | Reached XP level 2. HP: 27/27 MP: 1/1
   291 | D:1      | Reached skill level 3 in Axes
   501 | D:1      | Reached XP level 3. HP: 33/33 MP: 2/2
   741 | D:2      | Found a faded altar of an unknown god.
   893 | D:2      | Found a runed door.
   897 | D:2      | Noticed Crazy Yiuf
   903 | D:2      | Killed Crazy Yiuf
   903 | D:2      | Reached XP level 4. HP: 3/40 MP: 3/3
  1222 | D:2      | Reached skill level 4 in Axes
  2037 | D:3      | Reached XP level 5. HP: 43/47 MP: 4/4
  2626 | D:4      | Reached skill level 5 in Axes
  2696 | D:4      | Reached XP level 6. HP: 45/55 MP: 5/5
  2843 | D:4      | Reached skill level 5 in Fighting
  2843 | D:4      | Reached skill level 5 in Armour
  2843 | D:4      | Reached skill level 5 in Shields
  3357 | D:4      | Reached skill level 6 in Axes
  3538 | D:5      | Entered Level 5 of the Dungeon
  3593 | D:5      | Found a glowing golden altar of the Shining One.
  3596 | D:5      | Reached XP level 7. HP: 57/61 MP: 6/6
  3842 | D:5      | Found a sacrificial altar of Ru.
  4128 | D:5      | Found a sand-covered staircase.
  4133 | Ossuary  | Entered an ossuary
  4151 | Ossuary  | Reached skill level 7 in Axes
  4210 | Ossuary  | Reached XP level 8. HP: 43/70 MP: 7/7
  4477 | Ossuary  | Reached skill level 8 in Axes
  5636 | D:5      | Reached skill level 9 in Axes
  5892 | D:6      | Noticed a dream sheep
  5892 | D:6      | Noticed a dream sheep
  5892 | D:6      | Noticed a dream sheep
  5892 | D:6      | Noticed a dream sheep
  5892 | D:6      | Noticed a dream sheep
  5892 | D:6      | Found a shimmering altar of Xom.
  5898 | D:6      | Killed a dream sheep
  5898 | D:6      | Killed a dream sheep
  5898 | D:6      | Killed a dream sheep
  5899 | D:6      | Killed a dream sheep
  5899 | D:6      | Killed a dream sheep
  6109 | D:6      | Noticed a hornet
  6110 | D:6      | Paralysed by a hornet for 2 turns
  6114 | D:6      | Killed a hornet
  6114 | D:6      | Reached XP level 9. HP: 32/79 MP: 8/8
  6454 | D:6      | Noticed Grinder
  6468 | D:6      | Killed Grinder
  6503 | D:6      | Noticed Prince Ribbit
  6535 | D:6      | Killed Prince Ribbit
  6865 | D:6      | Reached skill level 10 in Axes
  6982 | D:6      | Found a staircase to the Ecumenical Temple.
  6992 | Temple   | Entered the Ecumenical Temple
  7037 | Temple   | Became a worshipper of Warmaster Okawaru
  7544 | D:6      | Reached skill level 1 in Invocations
  7893 | D:7      | Reached skill level 1 in Evocations
  8194 | D:7      | Noticed Americanboy's ghost (novice MiFi)
  8195 | D:7      | Found a transporter.
  8197 | D:7      | Found a transporter.
  9450 | D:8      | Reached XP level 10. HP: 70/90 MP: 10/10
 10042 | D:9      | Found Sulukk's Distillery.
 10128 | D:9      | Found a runed gate.
 10129 | D:9      | Found a runed gate.
 10129 | D:9      | Found a runed gate.
 10131 | D:9      | Noticed a ten-headed hydra
 10131 | D:9      | Noticed CrazyArbalest's ghost (journeyman KoHu)
 10209 | D:9      | Killed a seven-headed hydra
 10209 | D:9      | Reached * piety under Okawaru
 10209 | D:9      | Reached skill level 11 in Axes
 10223 | D:9      | HP: 2/90 [CrazyArbalest's ghost (12)]
 10226 | D:9      | Slain by CrazyArbalest's ghost

Skill      XL: |  1  2  3  4  5  6  7  8  9 10 |
---------------+-------------------------------+-----
Axes           | 3 4 5 6 7 9 10 11 | 11.1
Fighting       | 4 5 6 7 8 |  8.6
Shields        | 4 5 6 7 8 |  8.6
Armour         | 4 5 6 7 8 |  8.6
Invocations    | 1 2 |  2.5
Evocations     | 1 2 |  2.2

Action                   |  1- 3 |  4- 6 |  7- 9 | 10-12 || total
-------------------------+-------+-------+-------+-------++-------
Melee: War axe           |    81 |   115 |   361 |    15 ||   572
       Headbutt          |    14 |    19 |    68 |     5 ||   106
       Hand axe          |       |       |       |    17 ||    17
 Fire: Hunting sling     |       |       |     8 |       ||     8
 Abil: Evoke Berserk Rag |       |       |       |     1 ||     1
  Use: Scroll            |       |    10 |     8 |     2 ||    20
  Eat: Chunk             |       |     9 |    10 |     3 ||    22
       Ration            |       |       |     3 |       ||     3
Armor: Scale mail        |    36 |    34 |   123 |    13 ||   206
Dodge: Dodged            |    20 |    31 |    99 |    19 ||   169
Block: Shield            |    41 |    55 |   197 |    28 ||   321
